AoeStats
← jpierred

Runestones

507626720Analyzed
1v1 RM · 13d ago on Sep 19, 2026· 46m 59s· 2 players
Game mode
Random Map
Map size
Tiny (2 player)
Population
200
Speed
Normal
Resources
Standard
Victory
Conquest
Starting age
Dark Age
Ending age
Imperial Age
RankedLock teamsTeams togetherTeam positionsShared explorationLock speedFull tech treeHidden civsTurbo modeCheats
Victory
Defeat
🇺🇸 Slavs · United States
874
+13
🇧🇷 Tupi · Brazil
815
-35
jpierred
9:09 Feudal Age
7:28 Loom
10:25 Double-Bit Axe
20:07 Castle Age
21:43 Padded Archer Armor
21:40 Fletching
38:59 Pikeman
39:51 Padded Archer Armor
39:53 Bodkin Arrow
40:09 Forging
43:32 Bow Saw
43:03 Horse Collar
49:00 Imperial Age
AshamanKirk
11:25 Feudal Age
9:44 Loom
13:05 Man-at-Arms
15:39 Double-Bit Axe
18:29 Horse Collar
22:58 Castle Age
23:37 Long Swordsman
24:01 Elite Skirmisher
26:22 Fletching
27:30 Bodkin Arrow
27:36 Scale Mail Armor
30:55 Bow Saw
30:59 Padded Archer Armor
35:11 Leather Archer Armor
37:23 Town Watch
40:42 Imperial Age
42:28 Ring Archer Armor
44:14 Wheelbarrow
Connection lost

Rejoining the realm…

Still unreachable

The connection could not be restored.

Session expired

The server has moved on; the page needs a fresh start.